 Dungeon Crawl Stone Soup version 0.27-a0-1312-g5cdb2b3542 (webtiles) character file.

Game seed: 15228013546838621183

468 pokeman the Magician (level 6, 0/34 HPs)
             Began as a Deep Elf Hedge Wizard on June 19, 2021.
             Killed by divine providence
             ... invoked by an orc priest
              (9 damage)
             ... on level 3 of the Dungeon on June 20, 2021.
             The game lasted 00:13:01 (4760 turns).

pokeman the Magician (Deep Elf Hedge Wizard)        Turns: 4760, Time: 00:13:01

Health: 0/34       AC:  3    Str:  7    XL:     6   Next: 81%
Magic:  15/18      EV: 12    Int: 21    God:
Gold:   120        SH:  0    Dex: 14    Spells: 8/19 levels left

rFire    . . .     SeeInvis .   o - +1 hand axe (elec)
rCold    . . .     Faith    .   (no shield)
rNeg     . . .     Spirit   .   g - +0 leather armour
rPois    .         Reflect  .   c - +0 hat
rElec    .         Harm     .   (no cloak)
rCorr    .         Rampage  .   (no gloves)
Will     .....                  (no boots)
Stlth    ++........             (no amulet)
HPRegen  0.11/turn              (no ring)
MPRegen  0.16/turn              (no ring)

@: no status effects
A: no striking features
a: no special abilities


You were on level 3 of the Dungeon.
You visited 1 branch of the dungeon, and saw 3 of its levels.

You collected 120 gold pieces.

Inventory:

Hand Weapons
 o - a +1 hand axe of electrocution (weapon)
Missiles
 k - 6 arrows
 n - 2 throwing nets
Armour
 c - a +0 hat (worn)
 g - a +0 leather armour (worn)
 m - a +0 buckler
Wands
 i - a wand of mindburst (13)
Scrolls
 a - a scroll of amnesia {unknown}
 d - 2 scrolls of identify {unknown}
 e - a scroll of enchant weapon {unknown}
 j - 3 scrolls of enchant armour {unknown}
Potions
 b - 2 potions of cancellation {unknown}
 f - 3 potions of attraction {unknown}
 l - a potion of lignification {unknown}


   Skills:
 - Level 1.0 Fighting
 - Level 1.0 Armour
 - Level 3.0 Dodging
 - Level 2.4 Stealth
 - Level 1.3 Shields
 * Level 7.4 Spellcasting
 + Level 3.4 Conjurations
 - Level 1.1 Summonings
 - Level 1.1 Necromancy
 - Level 1.1 Translocations
 - Level 1.8 Fire Magic
 + Level 0.9 Air Magic
 + Level 0.9 Poison Magic


You had 8 spell levels left.
You knew the following spells:

 Your Spells              Type           Power      Damage    Failure   Level
a - Magic Dart            Conj           88%        1d7       3%          1
b - Mephitic Cloud        Conj/Pois/Air  15%        N/A       19%         3
c - Call Imp              Summ           12%        N/A       12%         2
d - Blink                 Tloc           N/A        N/A       12%         2
e - Conjure Flame         Conj/Fire      19%        6-21      12%         3

Your spell library contained the following spells:

 Spells                   Type           Power      Damage    Failure   Level
 Slow                     Hex            7%         N/A       19%         2


Dungeon Overview and Level Annotations

Branches:
Dungeon (3/15)

Altars:


Message History

Your magical contamination has completely faded away.
You hit Ijyb but do no damage. Lightning courses through Ijyb!
You kill Ijyb!
You hit the orc priest. The orc priest barely misses you.
Unknown command.
The orc priest is engulfed in noxious fumes.
The orc priest appears confused.
The orc priest closely misses the orc.
The orc priest is engulfed in noxious fumes.
The orc priest appears confused.
The orc priest hits the orc with a +2 vampiric dagger.
The orc priest is engulfed in noxious fumes.
The orc priest appears confused.
The orc priest hits the orc with a +2 vampiric dagger.
The orc priest is healed.
The orc priest closely misses something.
The orc priest looks encouraged for a moment.
Casting: Mephitic Cloud (quite dangerous; 19% risk of failure)
Confirm with . or Enter, or press ? or * to list all spells.
A shadowy apparition takes form in the air.
You swap places.
The orc priest calls upon Beogh to heal something.
What are your orders? t - Shout!
Orders for allies: a - Attack new target. p - Attack previous target. r - Retreat! s - Stop attacking. g - Guard the area. f - Follow me.
Anything else - Cancel.
Gang up on whom?
Press: ? - help, Dir - move target, f/p - orc priest
Aim: an orc priest, wielding a +0 hand axe (moderately wounded) Attack!
The orc priest closely misses your shadow imp.
Your shadow imp hits the orc priest.
The orc priest closely misses your shadow imp.
There is a stone staircase leading down here.
Your shadow imp disappears in a puff of smoke!
There is a stone staircase leading up here.
The orc priest invokes the aid of Beogh against you.
Beogh smites you!
You die...

....5.5.....#.#.# #.....#
#############.#.# #.....# #...#
#...[.### #.### #.....##.
######### #.# #.....##.
........#####.###########.....##[
........................(....>...
#######.#####..##########.....###
.# #...@.............# .#
##...........###### g.
#...........# #.# #...........#
.. #.########### #. #.#
###.####.## #......o..#
#.........#


You could see an orc priest.

Vanquished Creatures
  Grinder (D:3)
  A scorpion (D:3)
  Terence (D:3)
  Ijyb (D:3)
  2 orc wizards (D:2)
  A gnoll (D:2)
  4 adders
  A worm (D:3)
  A dart slug (D:1)
  3 orcs
  4 bats
  3 endoplasms
  4 giant cockroaches
  5 goblins
  3 hobgoblins
  4 jackals
  2 quokkas
  6 ball pythons
  2 frilled lizards (D:1)
  6 kobolds
  5 rats
60 creatures vanquished.

Vanquished Creatures (collateral kills)
  2 gnolls (D:2)
  An orc (D:2)
  A goblin (D:3)
  A jackal (D:2)
  A frilled lizard (D:2)
  A kobold (D:2)
7 creatures vanquished.

Grand Total: 67 creatures vanquished

Notes
Turn   | Place    | Note
-------+----------+-------------------------------------------
     0 | D:1      | pokeman the Deep Elf Hedge Wizard began the quest for the
                  | Orb.
     0 | D:1      | Reached XP level 1. HP: 10/10 MP: 7/7
   280 | D:1      | Found a faded altar of an unknown god.
   661 | D:1      | Reached XP level 2. HP: 16/16 MP: 5/9
  1336 | D:2      | Reached skill level 5 in Spellcasting
  1547 | D:2      | Reached XP level 3. HP: 20/20 MP: 5/11
  1578 | D:2      | Learned a level 3 spell: Mephitic Cloud
  1899 | D:2      | Learned a level 2 spell: Call Imp
  1902 | D:2      | Reached skill level 1 in Fighting
  1904 | D:2      | Reached skill level 1 in Armour
  1907 | D:2      | Learned a level 2 spell: Blink
  1911 | D:2      | Learned a level 3 spell: Conjure Flame
  2622 | D:2      | Reached XP level 4. HP: 21/25 MP: 6/13
  2626 | D:2      | Reached skill level 1 in Necromancy
  2815 | D:2      | Reached skill level 6 in Spellcasting
  3210 | D:3      | Reached XP level 5. HP: 29/29 MP: 13/15
  3319 | D:3      | Noticed Terence
  3338 | D:3      | Killed Terence
  3610 | D:3      | Noticed Grinder
  3610 | D:3      | Paralysed by Grinder for 7 turns
  3941 | D:3      | Paralysed by Grinder for 6 turns
  4271 | D:3      | Killed Grinder
  4272 | D:3      | Reached skill level 1 in Shields
  4272 | D:3      | Reached skill level 7 in Spellcasting
  4272 | D:3      | Reached skill level 1 in Fire Magic
  4272 | D:3      | Reached XP level 6. HP: 23/34 MP: 7/18
  4686 | D:3      | Noticed Ijyb
  4707 | D:3      | Killed Ijyb
  4760 | D:3      | Killed from afar by an orc priest

Illustrated notes

Levels and vault maps discovered:
D:1:      amcnicky_arrival_underground_garden, layout_basic,
          hellmonk_ecumenical_altar_heavens_door
D:2:      layout_basic
D:3:      layout_basic, uniq_terence, uniq_grinder, uniq_ijyb

Skill      XL: |  1  2  3  4  5 |
---------------+----------------+-----
Spellcasting   | 5 6 7 |  7.4
Fighting       | 1 |  1.0
Armour         | 1 |  1.0
Conjurations   | 2 3 |  3.4
Necromancy     | 1 |  1.1
Dodging        | 3 |  3.0
Shields        | 1 |  1.3
Fire Magic     | 1 |  1.8
Stealth        | |  2.4
Summonings     | |  1.1
Translocations | |  1.1
Air Magic      | |  0.9
Poison Magic   | |  0.9

Action                   |  1- 3 |  4- 6 || total
-------------------------+-------+-------++-------
Melee: Dagger            |     5 |       ||     5
       Halberd           |     2 |     9 ||    11
       Hand axe          |       |    10 ||    10
 Cast: Magic Dart        |    63 |    67 ||   130
       Mephitic Cloud    |     4 |     5 ||     9
       Call Imp          |     1 |     7 ||     8
       Conjure Flame     |     1 |     5 ||     6
       Blink             |       |     2 ||     2
Evoke: Wand              |       |     3 ||     3
 Stab: Sleeping          |     2 |       ||     2
       Confused          |       |     1 ||     1
Armor: Robe              |     1 |       ||     1
       Leather armour    |     3 |     3 ||     6
Dodge: Dodged            |    12 |    14 ||    26

Table legend: (Time is in decaauts)
 A = Elapsed time spent in this place.
 B = Non-inter-level travel time spent in this place.
 C = Inter-level travel time spent in this place.
 D = Time resting spent in this place.
 E = Time spent auto-exploring this place.
 F = Levels seen in this place.
 G = Mean time per level.
                   A        B        C        D        E       F      G
               +--------+--------+--------+--------+--------+-----+--------+
         Total |   4768 |   4698 |     70 |    623 |   3438 |   3 | 1589.3 |
       Dungeon |   4768 |   4698 |     70 |    623 |   3438 |   3 | 1589.3 |
               +--------+--------+--------+--------+--------+-----+--------+

Top non-repeatable levels by time:
     D:2: 1677 daAuts
     D:3: 1577 daAuts
     D:1: 1512 daAuts
